 Dungeon Crawl Stone Soup version 0.31.0-9-g3a7656b989 (webtiles) character file.

Game seed: 1359737651717303340

83 qw the Shooter (level 4, -3/25 HPs)
             Began as a Deep Elf Hunter on Feb 2, 2024.
             Incinerated by a bombardier beetle (5 damage)
             ... with a burning spray
             ... on level 4 of the Dungeon.
             The game lasted 00:00:03 (782 turns).

qw the Shooter (Deep Elf Hunter)                     Turns: 782, Time: 00:00:03

Health: -3/25      AC:  5    Str: 10    XL:     4   Next: 22%
Magic:  6/6        EV: 11    Int: 14    God:
Gold:   60         SH:  0    Dex: 18    Spells: 3/3 levels left

rFire   . . .        a - +0 shortbow
rCold   . . .        (shield currently unavailable)
rNeg    . . .        d - +0 ring mail
rPois   .            (no helmet)
rElec   .            (no cloak)
rCorr   .            (no gloves)
SInv    .            (no boots)
Will    .....        (no amulet)
Stlth   +            (no ring)
HPRegen 0.24/turn    (no ring)
MPRegen 0.10/turn

%: no passive effects
@: on fire, glowing
A: no striking features
a: no special abilities


You were on level 4 of the Dungeon.
You visited 1 branch of the dungeon, and saw 3 of its levels.

You collected 60 gold pieces.


   Skills:
 - Level 1.5 Fighting
 + Level 7.6 Ranged Weapons
 - Level 2.4 Dodging
 - Level 1.2 Stealth


You had 3 spell levels left.
You didn't know any spells.
Your spell library was empty.

Inventory:

Hand Weapons
 a - a +0 shortbow (weapon)
Armour
 d - a +0 ring mail (worn)
Scrolls
 b - 2 scrolls of teleportation {unknown}
Potions
 e - a potion of heal wounds
 g - a potion of cancellation

Dungeon Overview and Level Annotations

Branches:
Dungeon (2/15)

Altars:


Message History

You shoot an arrow.
The arrow barely misses the bombardier beetle.
You shoot an arrow.
The arrow barely misses the bombardier beetle.
You shoot an arrow. The arrow hits the bombardier beetle.
The bombardier beetle is heavily wounded.
The bombardier beetle barely misses you.
You shoot an arrow.
The arrow completely misses the bombardier beetle.
You shoot an arrow.
The arrow hits the bombardier beetle but does no damage.
The bombardier beetle is heavily wounded.
The bombardier beetle bites you but does no damage.
You shoot an arrow. The arrow hits the bombardier beetle!
The bombardier beetle is almost dead.
The bombardier beetle bites you but does no damage.
You shoot an arrow.
The arrow hits the bombardier beetle but does no damage.
The bombardier beetle is almost dead.
You shoot an arrow.
The arrow hits the bombardier beetle but does no damage.
The bombardier beetle is almost dead.
The bombardier beetle sprays incendiary fluid at you.
The burning spray hits you.
You are covered in liquid fire!
You shoot an arrow. The arrow hits the bombardier beetle.
You kill the bombardier beetle!
The liquid fire burns you!
You have reached level 4!
You feel clever.
You are on fire!
The liquid fire burns you!
You are on fire!
The liquid fire burns you!
You are on fire!
The liquid fire burns you!
You are on fire!
The liquid fire burns you!
You are on fire!
The liquid fire burns you!
You die...

#........
.###........
...........
..........##
...........###
.............#.##
.................
<.....%..........
###...@%.......$
#.............
#.$.....###...
#.......%# ..
..........# .
............#
##..###....?...
#.. #........


There were no monsters in sight!

Vanquished Creatures
  A bombardier beetle (D:4)
  2 adders
  2 ribbon worms
  2 endoplasms (D:1)
  3 giant cockroaches
  3 goblins (D:1)
  2 hobgoblins (D:1)
  2 quokkas (D:1)
  3 ball pythons
  3 bats (D:1)
  A frilled lizard (D:1)
  4 rats
28 creatures vanquished.

Notes
Turn   | Place    | Note
-------+----------+-------------------------------------------
     0 | D:1      | qw the Deep Elf Hunter began the quest for the Orb.
     0 | D:1      | Reached XP level 1. HP: 12/12 MP: 3/3
     0 | D:1      | 0 ||| qw: Version: 0.3-a-155-g5e7d8dd
     0 | D:1      | 0 ||| qw: Game counter: 2843
     0 | D:1      | 0 ||| qw: Melee chars always use a shield: true
     0 | D:1      | 0 ||| qw: God list: Okawaru
     0 | D:1      | 0 ||| qw: Allow faded altars: false
     0 | D:1      | 0 ||| qw: Do Orc after clearing Dungeon:15 true
     0 | D:1      | 0 ||| qw: Do second Lair branch before Depths: true
     0 | D:1      | 0 ||| qw: Lair rune preference: random
     0 | D:1      | 0 ||| qw: Goals: Normal
     0 | D:1      | 0 ||| PLANNING D:1-11
   144 | D:1      | Reached XP level 2. HP: 16/16 MP: 4/4
   153 | D:1      | Reached skill level 6 in Ranged Weapons
   424 | D:1      | 424 ||| UPGRADING to +0 ring mail.
   434 | D:1      | 434 ||| DROPPING +0 leather armour.
   435 | D:1      | 435 ||| READING scroll labelled VERGHA SEUPT.
   436 | D:1      | 436 ||| READING 2 scrolls labelled VOICSOISEC.
   436 | D:1      | 436 ||| IDENTIFYING grey potion
   437 | D:1      | 437 ||| READING scroll of identify.
   437 | D:1      | 437 ||| IDENTIFYING bubbling dark potion
   438 | D:1      | 438 ||| DROPPING scroll of butterflies.
   499 | D:2      | Reached XP level 3. HP: 20/20 MP: 5/5
   750 | D:2      | You fall into a shaft and drop 2 floors!
   752 | D:4      | 752 ||| PLANNING OSSUARY
   755 | D:4      | Reached skill level 7 in Ranged Weapons
   778 | D:4      | Reached XP level 4. HP: 18/25 MP: 6/6
   781 | D:4      | HP: 2/25 [burnt (5)]
   782 | D:4      | Incinerated by a bombardier beetle

Levels and vault maps discovered:
D:1:      dpeg_arrival_fog, layout_basic
D:2:      layout_rooms
D:4:      layout_cave_pools, lemuel_crystal_altar,
          minmay_temple_entry_enclosed_plants, gup_ossuary_entry_pyramid,
          minmay_misc_feat_plants, kennysheep_generic_room_5

Skill      XL: |  1  2  3 |
---------------+----------+-----
Ranged Weapons | 6 7 |  7.6
Fighting       | |  1.5
Dodging        | |  2.4
Stealth        | |  1.2

Action                     |  1- 3 |  4- 6 || total
---------------------------+-------+-------++-------
   Fire: Shortbow          |    78 |       ||    78
    Use: Scroll            |     3 |       ||     3
 Armour: Ring mail         |     7 |       ||     7
  Dodge: Dodged            |    21 |       ||    21

Table legend:
 A = Non-vault XP
 B = Vault XP
 C = Vault XP percentage of total XP
 D = Non-vault monster count
 E = Vault monster count
 F = Vault count percentage of total count
                 A         B        C        D         E       F
            +---------+---------+-------+---------+---------+-------
      Total |     119 |       0 |   0.0 |      28 |       0 |   0.0
            +---------+---------+-------+---------+---------+-------
        D:1 |      30 |       0 |   0.0 |      19 |       0 |   0.0
        D:2 |      22 |       0 |   0.0 |       5 |       0 |   0.0
        D:4 |      67 |       0 |   0.0 |       4 |       0 |   0.0
            +---------+---------+-------+---------+---------+-------
